[Event "Kragero Resort A 2020"]
[Site "Kragero"]
[Date "2020.02.21"]
[Round "5.16"]
[White "Holleland, Sigve"]
[Black "Sriram, Jha"]
[Result "1-0"]
[ECO "A42"]
[WhiteElo "2076"]
[BlackElo "2383"]
[Annotator "ChessBase"]
[PlyCount "119"]
[EventDate "2020.02.19"]
[EventType "swiss"]
[EventCountry "NOR"]
[SourceTitle "playchess.com"]
[Source "ChessBase"]
[SourceQuality "1"]
[TimeControl "5400+30"]

1. d4 g6 2. c4 Bg7 3. Nc3 d6 4. e4 Nc6 5. Nge2 e5 6. d5 Nce7 7. h4 f5 8. h5 f4 9. hxg6 hxg6 10. Rxh8 Bxh8 11. g3 fxg3 12. Nxg3 Nf6 13. Bg5 Bg4 14. f3 Bd7 15. Qd2 Kf7 16. O-O-O Bg7 17. f4 Nh7 18. Be2 Nxg5 19. fxg5 Bh3 20. Qe3 Qd7 21. Qf2+ Kg8 22. Rh1 Bg4 23. Qh2 Bxe2 24. Ncxe2 Rf8 25. Qh7+ Kf7 26. Rf1+ Ke8 27. Qxg7 Rxf1+ 28. Nxf1 Qg4 29. Nfg3 Qxg5+ 30. Kc2 Qh4 31. c5 a6 32. cxd6 cxd6 33. a4 b5 34. axb5 axb5 35. Kb3 Qh3 36. Qf6 Qd7 37. Nc3 Qg4 38. Qf2 Qf4 39. Qxf4 exf4 40. Nge2 g5 41. Nxb5 Kd7 42. Nbd4 Ng6 43. Kc3 g4 44. Ne6 f3 45. Ng3 Ne5 46. Kd4 Kc8 47. Nf4 Kc7 48. Nd3 Ng6 49. Ke3 Kb6 50. b3 Kc7 51. Nf2 Ne5 52. Kf4 Kb6 53. Nxg4 Nd3+ 54. Kxf3 Nc5 55. Nf5 Nxb3 56. Nxd6 Kc5 57. Nf5 Nd2+ 58. Kf4 Nc4 59. Ne5 Nb6 60. d6 1-0

[Event "Kragero Resort A 2020"]
[Site "Kragero"]
[Date "2020.02.21"]
[Round "5.17"]
[White "Ingebretsen, Jens E"]
[Black "Tryggestad, Andreas Garberg"]
[Result "0-1"]
[ECO "B47"]
[WhiteElo "2241"]
[BlackElo "2380"]
[Annotator "ChessBase"]
[PlyCount "98"]
[EventDate "2020.02.19"]
[EventType "swiss"]
[EventCountry "NOR"]
[SourceTitle "playchess.com"]
[Source "ChessBase"]
[SourceQuality "1"]
[TimeControl "5400+30"]

1. e4 c5 2. Nf3 e6 3. d4 cxd4 4. Nxd4 Nc6 5. Nc3 Qc7 6. g3 a6 7. Bg2 Nf6 8. O-O Nxd4 9. Qxd4 Bc5 10. Bf4 d6 11. Qd2 h6 12. Rad1 e5 13. Be3 Be6 14. Bxc5 dxc5 15. f4 O-O 16. Nd5 Bxd5 17. exd5 Qd6 18. fxe5 Qxe5 19. d6 Qxb2 20. d7 Rad8 21. Bh3 b5 22. Rfe1 Qxa2 23. Qd3 Qa5 24. Re7 c4 25. Qd4 Qc7 26. Rf1 Qc6 27. c3 a5 28. Bg2 Qa6 29. g4 b4 30. h4 b3 31. g5 Rxd7 32. Rxd7 Nxd7 33. Qxd7 Qb6+ 34. Kh1 b2 35. Be4 Qe3 36. Qd5 Qh3+ 37. Kg1 Qg3+ 38. Bg2 Qxh4 39. g6 Qe7 40. Qxc4 Kh8 41. gxf7 Rxf7 42. Rd1 Qe3+ 43. Kh1 Rf8 44. Qd4 Qxd4 45. cxd4 Rc8 46. Be4 Rc1 47. Rg1 a4 48. Kh2 a3 49. Rg2 g5 0-1

[Event "Kragero Resort A 2020"]
[Site "Kragero"]
[Date "2020.02.21"]
[Round "5.18"]
[White "Salimova, Nurgyul"]
[Black "Vitenberg, Noam Aviv"]
[Result "1-0"]
[ECO "D11"]
[WhiteElo "2372"]
[BlackElo "2276"]
[Annotator "ChessBase"]
[PlyCount "57"]
[EventDate "2020.02.19"]
[EventType "swiss"]
[EventCountry "NOR"]
[SourceTitle "playchess.com"]
[Source "ChessBase"]
[SourceQuality "1"]
[TimeControl "5400+30"]

1. Nf3 d5 2. g3 Nf6 3. Bg2 Bf5 4. O-O e6 5. d4 Be7 6. c4 c6 7. b3 O-O 8. Bb2 Nbd7 9. Nbd2 h6 10. Qc1 a5 11. Ne5 a4 12. Nxd7 Qxd7 13. Nf3 b5 14. Ne5 Qb7 15. cxd5 cxd5 16. Qe3 Rfc8 17. bxa4 Rxa4 18. Rfc1 Ne4 19. Bxe4 dxe4 20. Rxc8+ Qxc8 21. g4 Qc2 22. Rc1 Qxb2 23. gxf5 Qxd4 24. Rc8+ Kh7 25. Nxf7 exf5 26. Qg3 Bg5 27. Nxg5+ hxg5 28. Qh3+ Kg6 29. Rc6+ 1-0

[Event "Kragero Resort A 2020"]
[Site "Kragero"]
[Date "2020.02.21"]
[Round "5.19"]
[White "Mikalsen, Erlend"]
[Black "Aarnes, Eirik"]
[Result "1-0"]
[ECO "B86"]
[WhiteElo "2364"]
[BlackElo "1884"]
[Annotator "ChessBase"]
[PlyCount "45"]
[EventDate "2020.02.19"]
[EventType "swiss"]
[EventCountry "NOR"]
[SourceTitle "playchess.com"]
[Source "ChessBase"]
[SourceQuality "1"]
[TimeControl "5400+30"]

1. e4 c5 2. Nf3 d6 3. d4 cxd4 4. Nxd4 Nf6 5. Nc3 a6 6. Bc4 e6 7. Bb3 Nbd7 8. f4 Nc5 9. f5 Be7 10. Qf3 Qc7 11. Be3 b5 12. a3 O-O 13. O-O Kh8 14. Rae1 Bb7 15. Bg5 Nfxe4 16. Bxe7 Nxc3 17. Qxc3 Qxe7 18. f6 gxf6 19. Nf5 Rg8 20. Nxe7 Rxg2+ 21. Kh1 Nxb3 22. Rf3 Nd4 23. Qxd4 1-0

[Event "Kragero Resort A 2020"]
[Site "Kragero"]
[Date "2020.02.21"]
[Round "5.21"]
[White "Kjartansson, David"]
[Black "Lund, Terje"]
[Result "1/2-1/2"]
[ECO "D02"]
[WhiteElo "2356"]
[BlackElo "2086"]
[Annotator "ChessBase"]
[PlyCount "162"]
[EventDate "2020.02.19"]
[EventType "swiss"]
[EventCountry "NOR"]
[SourceTitle "playchess.com"]
[Source "ChessBase"]
[SourceQuality "1"]
[TimeControl "5400+30"]

1. d4 d5 2. Bf4 Nf6 3. e3 c5 4. Nd2 Nc6 5. c3 e6 6. Ngf3 Bd6 7. Bg3 O-O 8. Bd3 b6 9. Qe2 Bb7 10. Rd1 Qe7 11. dxc5 Bxc5 12. e4 dxe4 13. Nxe4 Nxe4 14. Bxe4 Rad8 15. O-O Rxd1 16. Rxd1 Rd8 17. b4 Bd6 18. Bxh7+ Kxh7 19. Qd3+ Kg8 20. Bxd6 Qf6 21. Rd2 e5 22. b5 e4 23. Qxe4 Rxd6 24. Rxd6 Qxd6 25. bxc6 Bxc6 26. Qd4 Qe7 27. Ne5 Be8 28. h3 f6 29. Ng4 Bf7 30. a4 Be8 31. Ne3 Qa3 32. Qc4+ Kh8 33. Qh4+ Kg8 34. Qc4+ Kh8 35. Qc7 Qxa4 36. c4 Kg8 37. g4 Qd7 38. Qb8 Kh7 39. h4 Bg6 40. h5 Bd3 41. Qf4 Qc6 42. Qd4 Qe4 43. Qd7 Bxc4 44. h6 Kxh6 45. Qc8 Bf7 46. Qh8+ Kg5 47. Qxg7+ Qg6 48. Qf8 Be6 49. Qb4 Kh6 50. Qf4+ Qg5 51. Qe4 Bd7 52. Qd4 Be6 53. Qe4 Qe5 54. Qa8 Qc7 55. Qh8+ Kg6 56. Qe8+ Qf7 57. Qa8 f5 58. gxf5+ Bxf5 59. Qc6+ Qe6 60. Qc7 a5 61. Qg3+ Kf6 62. Qh4+ Kf7 63. Qd4 Be4 64. Kf1 Kg6 65. Ke1 b5 66. Qc5 Qc6 67. Qe7 Bf3 68. Kd2 b4 69. Qe5 a4 70. Qf5+ Kg7 71. Qg5+ Kf8 72. Qf4+ Ke8 73. Qxb4 Kd7 74. Nc4 Qh6+ 75. Kc2 Be4+ 76. Kb2 Qf6+ 77. Ka2 Qxf2+ 78. Ka3 Qg3+ 79. Kxa4 Bc6+ 80. Ka5 Qg5+ 81. Ka6 Qb5+ 1/2-1/2

[Event "Kragero Resort A 2020"]
[Site "Kragero"]
[Date "2020.02.21"]
[Round "5.23"]
[White "Sgircea, Silvia-Raluca"]
[Black "Woithe, Daniel"]
[Result "1/2-1/2"]
[ECO "D32"]
[WhiteElo "2275"]
[BlackElo "2067"]
[Annotator "NA"]
[PlyCount "70"]
[EventDate "2020.02.19"]
[EventType "swiss"]
[EventCountry "NOR"]
[SourceTitle "playchess.com"]
[Source "ChessBase"]
[SourceQuality "1"]
[TimeControl "5400+30"]

1. Nf3 d5 2. e3 Nf6 3. c4 e6 4. Nc3 c5 5. cxd5 exd5 6. d4 Nc6 7. Be2 Bd6 8. O-O {[%emt 0:00:37] D32: Tarrasch Defence: Sidelines and lines without g3.} O-O 9. Nb5 Be7 10. dxc5 Bxc5 11. b3 Re8 12. Bb2 Ne4 13. Nbd4 Bg4 {[%emt 0:07:14] [#]} 14. Nxc6 $146 ({Predecessor:} 14. Rc1 Rc8 15. Nxc6 bxc6 16. Nd4 Bxe2 17. Qxe2 Bxd4 18. Bxd4 c5 19. Ba1 d4 20. Qd3 {1-0 (42) Kiltti,J (2192)-Pulkkinen,K (2325) Helsinki 1999}) 14... bxc6 15. Nd4 Bxe2 16. Qxe2 Rc8 17. Nf5 Bf8 18. Rfd1 Qg5 19. Ng3 Bc5 20. Bd4 $11 Nxg3 21. hxg3 Bxd4 22. Rxd4 c5 23. Qg4 Qxg4 24. Rxg4 Kf8 25. Rd1 Red8 26. Ra4 Rc7 27. e4 d4 28. Rc4 Re7 29. f3 Re5 30. Kf2 f5 31. exf5 Rxf5 32. b4 cxb4 33. Rxb4 Rc5 34. Rb2 d3 35. Rbd2 Rcd5 1/2-1/2

[Event "Kragero Resort A 2020"]
[Site "Kragero"]
[Date "2020.02.21"]
[Round "5.24"]
[White "Stanford, Sheila Barth"]
[Black "Thorgeirsson, Jon Kristinn"]
[Result "1-0"]
[ECO "C57"]
[WhiteElo "2145"]
[BlackElo "2269"]
[Annotator "NA"]
[PlyCount "65"]
[EventDate "2020.02.19"]
[EventType "swiss"]
[EventCountry "NOR"]
[SourceTitle "playchess.com"]
[Source "ChessBase"]
[SourceQuality "1"]
[TimeControl "5400+30"]

1. e4 e5 2. Nf3 Nc6 3. Bc4 Nf6 4. Ng5 d5 5. exd5 Nd4 (5... Na5 $11 {keeps the balance.} 6. Bb5+ c6 7. dxc6 bxc6) 6. c3 b5 7. Bf1 Nxd5 8. cxd4 Qxg5 9. Bxb5+ Kd8 10. O-O Bb7 11. Qf3 e4 {[%emt 0:05:48] C57: Two Knights: Wilkes-Barre/Traxler and 4 Ng5 d5 5 exd5, unusual Black 5th moves.} (11... Rb8 $142) 12. Qh3 {[%emt 0:06:10] [#]} c6 $146 ({Predecessor:} 12... Bc8 13. d3 Qf6 14. Qh5 Qxd4 15. dxe4 Nf6 16. Qh4 Bd6 17. Nc3 h6 18. Rd1 Qc5 19. Be3 g5 20. Qg3 Qb4 21. e5 {1-0 (21) Charbonneau,P (2509)-Schneider,D (2483) ICC INT 2009}) 13. d3 Qg6 14. dxe4 Qxe4 15. Bd3 Qxd4 16. Nc3 Bd6 17. Nxd5 Qxd5 18. Rd1 Re8 19. Be3 Kc7 20. Rac1 Rad8 21. Bc4 ({Don't play} 21. Bxh7 $6 Qxa2 22. b3 Qe2 $16) 21... Qe4 22. Bxa7 Bf4 $18 23. Qb3 Bxc1 24. Bb6+ Kc8 25. Bxd8 c5 26. Bf1 Bf4 27. Bb6 Qf5 28. h3 Be5 29. Qb5 Qe6 30. Qxc5+ Kb8 31. Ba7+ Ka8 32. Qa5 Qc6 33. Bd4+ 1-0

[Event "Kragero Resort A 2020"]
[Site "Kragero"]
[Date "2020.02.21"]
[Round "5.25"]
[White "Doluhanova, Evgeniya"]
[Black "Jonsson, Gauti Pall"]
[Result "1-0"]
[ECO "A15"]
[WhiteElo "2258"]
[BlackElo "2027"]
[Annotator "ChessBase"]
[PlyCount "151"]
[EventDate "2020.02.19"]
[EventType "swiss"]
[EventCountry "NOR"]
[SourceTitle "playchess.com"]
[Source "ChessBase"]
[SourceQuality "1"]
[TimeControl "5400+30"]

1. Nf3 Nf6 2. b3 g6 3. Bb2 Bg7 4. c4 O-O 5. Nc3 d6 6. d4 Nbd7 7. Qc2 c6 8. e4 a6 9. Be2 b5 10. O-O Bb7 11. e5 Nh5 12. Rad1 Qc7 13. e6 fxe6 14. Ng5 Nf4 15. Bc1 e5 16. Bxf4 exf4 17. Ne6 Qb6 18. Nxf8 Rxf8 19. Bg4 Nf6 20. Be6+ Kh8 21. Ne4 Nxe4 22. Qxe4 Qa5 23. Rd3 Qxa2 24. Rh3 Rf6 25. c5 Qa3 26. Bd7 Bf8 27. Bxc6 Bxc6 28. Qxc6 dxc5 29. Qxc5 Qxc5 30. dxc5 b4 31. Rd1 Rc6 32. Rd5 e6 33. Rd8 Kg8 34. g3 Rxc5 35. gxf4 Rf5 36. Re3 Kf7 37. Re4 Be7 38. Rd7 Kf6 39. Rc7 Bd6 40. Rcc4 a5 41. Kg2 h6 42. h3 Ke7 43. Rc6 Rd5 44. Ra6 Rf5 45. Ra7+ Kf6 46. Ra8 Ke7 47. Kf3 g5 48. Kg4 gxf4 49. Re8+ Kd7 50. R8xe6 Rg5+ 51. Kf3 Rh5 52. Ke2 Rxh3 53. Rg6 f3+ 54. Kd3 Bc5 55. Rf4 Ke7 56. Rc4 Rh5 57. Rc2 Kd7 58. Ke4 Kc7 59. Rf6 Kb7 60. Kxf3 Rh3+ 61. Ke4 Bb6 62. f3 Rh4+ 63. f4 Rh3 64. Rf7+ Ka6 65. Rf6 Re3+ 66. Kd5 Rd3+ 67. Ke4 Re3+ 68. Kf5 Kb5 69. Rc8 Rc3 70. Rb8 Rc6 71. Rxc6 Kxc6 72. Ke4 h5 73. f5 h4 74. f6 h3 75. f7 h2 76. Rh8 1-0

[Event "Kragero Resort A 2020"]
[Site "Kragero"]
[Date "2020.02.21"]
[Round "5.26"]
[White "Digernes, Magnus"]
[Black "Van Dael, Siem"]
[Result "0-1"]
[ECO "A41"]
[WhiteElo "2017"]
[BlackElo "2257"]
[Annotator "NA"]
[PlyCount "136"]
[EventDate "2020.02.19"]
[EventType "swiss"]
[EventCountry "NOR"]
[SourceTitle "playchess.com"]
[Source "ChessBase"]
[SourceQuality "1"]
[TimeControl "5400+30"]

1. d4 g6 2. c4 Bg7 3. Nc3 d6 4. Nf3 e5 5. dxe5 dxe5 6. Qxd8+ Kxd8 7. Bg5+ f6 8. O-O-O+ Nd7 9. Bh4 {[%emt 0:06:20] A41: 1 d4 d6: Tartakower System and Modern Defence.} Ne7 10. Ne4 Ke8 {[%emt 0:02:34] [#]} 11. g4 $146 ({Predecessor:} 11. Rxd7 Bxd7 12. Nxf6+ Bxf6 13. Bxf6 Rf8 14. Bxe5 c6 15. e4 Bg4 16. Ng5 Rxf2 17. h3 {0-1 (37) Villalba Velazquez,A-Giuzzi,E Villa Giardino 2002}) 11... Kf7 12. g5 f5 13. Nf6 Ke6 14. e3 Nxf6 15. gxf6 Bxf6 16. Bg3 g5 17. h4 g4 18. Ng5+ Bxg5 19. hxg5 Ng6 20. c5 Ke7 21. Bg2 c6 22. Rh6 Be6 23. Rdh1 Bxa2 24. Rxh7+ Rxh7 25. Rxh7+ Bf7 26. Bf1 Kf8 27. Bd3 e4 28. Bc2 Kg8 29. Rh6 Kg7 30. Rh1 Rd8 31. Bd6 Rh8 32. Rd1 Bd5 33. Kd2 Kf7 34. Kc3 Ke6 35. Kd4 $17 Nh4 36. Ra1 a6 37. Bf4 Rh5 38. Ra4 Nf3+ 39. Kc3 Nxg5 40. Rb4 Nh3 41. Bg3 Rh7 42. Rd4 Ng1 43. Rd2 Nf3 44. Rd1 Ne5 45. b3 Nd7 46. Kb4 a5+ 47. Kxa5 Nxc5 48. Kb6 Na6 49. Rd4 c5 50. Rd2 Rh1 51. Bd1 Rf1 52. Be2 Rb1 53. Bxa6 bxa6 54. Kxc5 Rxb3 55. Rd1 Rb5+ 56. Kd4 a5 57. Ra1 Bb3 58. Rh1 Rd5+ 59. Kc3 Rd3+ 60. Kb2 a4 61. Rh6+ Kd5 62. Rf6 Kc4 63. Rc6+ Kb5 64. Rf6 Rd2+ 65. Kc1 Rc2+ 66. Kb1 a3 67. Rxf5+ Ka4 68. Rf8 a2+ 0-1

[Event "Kragero Resort A 2020"]
[Site "Kragero"]
[Date "2020.02.21"]
[Round "5.27"]
[White "Heimisson, Hilmir Freyr"]
[Black "Manukyan, Hayk T."]
[Result "1-0"]
[ECO "A11"]
[WhiteElo "2250"]
[BlackElo "1824"]
[Annotator "ChessBase"]
[PlyCount "29"]
[EventDate "2020.02.19"]
[EventType "swiss"]
[EventCountry "NOR"]
[SourceTitle "playchess.com"]
[Source "ChessBase"]
[SourceQuality "1"]
[TimeControl "5400+30"]

1. Nf3 d5 2. c4 c6 3. g3 Nf6 4. Bg2 Bg4 5. Ne5 Bf5 6. cxd5 cxd5 7. Qa4+ Nbd7 8. Nc3 Qc7 9. d4 e6 10. O-O Qb6 11. e4 dxe4 12. g4 Bxg4 13. Nxe4 Ke7 14. Bg5 Rd8 15. Nxg4 1-0

[Event "Kragero Resort A 2020"]
[Site "Kragero"]
[Date "2020.02.21"]
[Round "6.10"]
[White "Hauge, Lars Oskar"]
[Black "Alinasab, Mobina"]
[Result "1-0"]
[ECO "B23"]
[WhiteElo "2472"]
[BlackElo "2333"]
[Annotator "RC"]
[PlyCount "57"]
[EventDate "2020.02.19"]
[EventType "swiss"]
[EventCountry "NOR"]
[SourceTitle "playchess.com"]
[Source "ChessBase"]
[SourceQuality "1"]
[TimeControl "5400+30"]

1. e4 c5 2. Nc3 Nc6 3. f4 d6 4. Nf3 g6 5. Bc4 Bg7 6. O-O e6 7. d4 Nxd4 8. Be3 Qb6 9. e5 Nxf3+ 10. Qxf3 d5 11. Bb5+ Kf8 12. b4 d4 13. bxc5 Qxc5 14. Rad1 Qxc3 15. Bxd4 Qc7 16. Qa3+ Ne7 17. Bc5 f5 18. Rd6 b6 19. Rc6 Qb7 20. Bd6 a6 21. Rc7 axb5 22. Rxb7 Rxa3 23. Rxe7 Ra4 24. Rc7+ Ke8 25. Rxc8+ Kf7 26. Rc7+ Kg8 27. Rd1 h5 28. Be7 Rxf4 29. Bf6 1-0

[Event "Kragero Resort A 2020"]
[Site "Kragero"]
[Date "2020.02.21"]
[Round "6.11"]
[White "Haug, Johannes"]
[Black "Mikalsen, Erlend"]
[Result "1/2-1/2"]
[ECO "E16"]
[WhiteElo "2426"]
[BlackElo "2364"]
[Annotator "ChessBase"]
[PlyCount "87"]
[EventDate "2020.02.19"]
[EventType "swiss"]
[EventCountry "NOR"]
[SourceTitle "playchess.com"]
[Source "ChessBase"]
[SourceQuality "1"]
[TimeControl "5400+30"]

1. d4 Nf6 2. c4 e6 3. Nf3 b6 4. g3 Ba6 5. Nbd2 Bb7 6. Bg2 Be7 7. O-O O-O 8. Qc2 d5 9. cxd5 exd5 10. b3 c5 11. Bb2 Nc6 12. Rac1 Re8 13. Rfe1 Bf8 14. e3 a5 15. dxc5 bxc5 16. Qf5 Bc8 17. Qb1 h6 18. Nh4 Be6 19. f4 Ra7 20. Bxf6 Qxf6 21. f5 Bc8 22. Bxd5 Nb4 23. Bg2 Rd7 24. Ne4 Qe5 25. Nf2 Rdd8 26. a3 Nd5 27. Nf3 Qb8 28. e4 Nb6 29. e5 c4 30. b4 axb4 31. axb4 Nd5 32. Rxc4 Ba6 33. Rd4 Nc3 34. Qb2 Rxd4 35. Nxd4 Qxb4 36. Qxb4 Bxb4 37. e6 Bc5 38. exf7+ Kxf7 39. Ne6 Bc4 40. Bf3 Kf6 41. Kg2 Bxf2 42. Kxf2 Bxe6 43. fxe6 Rxe6 44. Rc1 1/2-1/2

[Event "Kragero Resort A 2020"]
[Site "Kragero"]
[Date "2020.02.21"]
[Round "6.12"]
[White "Holleland, Sigve"]
[Black "Gretarsson, Helgi Ass"]
[Result "1-0"]
[ECO "D10"]
[WhiteElo "2076"]
[BlackElo "2403"]
[Annotator "ChessBase"]
[PlyCount "105"]
[EventDate "2020.02.19"]
[EventType "swiss"]
[EventCountry "NOR"]
[SourceTitle "playchess.com"]
[Source "ChessBase"]
[SourceQuality "1"]
[TimeControl "5400+30"]

1. d4 d5 2. c4 c6 3. cxd5 cxd5 4. Bf4 Nc6 5. e3 Nf6 6. Nc3 a6 7. Bd3 Bg4 8. f3 Bd7 9. Nge2 e6 10. e4 dxe4 11. fxe4 e5 12. dxe5 Ng4 13. O-O Bc5+ 14. Kh1 Nf2+ 15. Rxf2 Bxf2 16. Qf1 Ba7 17. Ng3 O-O 18. Nf5 Bxf5 19. exf5 Qd4 20. Rd1 Nxe5 21. Bb1 Qc5 22. Ne4 Qc7 23. Rc1 Qe7 24. f6 gxf6 25. Bh6 Ng4 26. Qf5 Qxe4 27. Bxe4 Nf2+ 28. Kg1 Nxe4+ 29. Kf1 Rfe8 30. Qg4+ Ng5 31. Bxg5 fxg5 32. Qxg5+ Kf8 33. Qf6 Rad8 34. Qh8+ Ke7 35. Re1+ Kd7 36. Rxe8 Rxe8 37. Qxh7 Re7 38. Qf5+ Kd8 39. h4 Bd4 40. b3 Kc7 41. g4 Kd6 42. Qd3 Ke5 43. Kg2 Kd5 44. h5 Re4 45. Qf3 Be5 46. Qxf7+ Kd4 47. Qd7+ Ke3 48. Qd1 Rf4 49. Qe1+ Kd4 50. Qd2+ Ke4 51. Qe2+ Kd4 52. h6 Re4 53. Qd1+ 1-0

[Event "Kragero Resort A 2020"]
[Site "Kragero"]
[Date "2020.02.21"]
[Round "6.13"]
[White "Beerdsen, Thomas"]
[Black "Heimisson, Hilmir Freyr"]
[Result "1-0"]
[ECO "B22"]
[WhiteElo "2497"]
[BlackElo "2250"]
[Annotator "ChessBase"]
[PlyCount "67"]
[EventDate "2020.02.19"]
[EventType "swiss"]
[EventCountry "NOR"]
[SourceTitle "playchess.com"]
[Source "ChessBase"]
[SourceQuality "1"]
[TimeControl "5400+30"]

1. e4 c5 2. c3 Nf6 3. e5 Nd5 4. d4 cxd4 5. Bc4 Nb6 6. Bb3 d6 7. exd6 e6 8. cxd4 Bxd6 9. Nf3 Nc6 10. O-O O-O 11. Nc3 Nd5 12. Re1 b6 13. Nxd5 exd5 14. Bg5 Qd7 15. Ne5 Nxe5 16. dxe5 Bb4 17. Re3 Bb7 18. Qh5 Rfc8 19. Bf6 Bf8 20. Rg3 g6 21. Rd1 Bg7 22. Qh4 Qe6 23. Rh3 h5 24. Bxg7 Kxg7 25. Qg5 Re8 26. Rxh5 Rh8 27. Rxh8 Rxh8 28. Qg3 Re8 29. Re1 Qf5 30. Qc3 Kg8 31. h3 Qf4 32. Qc7 Ba8 33. Qd7 Kf8 34. Ba4 1-0

[Event "Kragero Resort A 2020"]
[Site "Kragero"]
[Date "2020.02.21"]
[Round "6.14"]
[White "Nordquelle, Daniel"]
[Black "Notkevich, Benjamin Arvola"]
[Result "0-1"]
[ECO "C01"]
[WhiteElo "2242"]
[BlackElo "2495"]
[Annotator "ChessBase"]
[PlyCount "90"]
[EventDate "2020.02.19"]
[EventType "swiss"]
[EventCountry "NOR"]
[SourceTitle "playchess.com"]
[Source "ChessBase"]
[SourceQuality "1"]
[TimeControl "5400+30"]

1. e4 e6 2. d4 d5 3. Nc3 Bb4 4. exd5 exd5 5. Bd3 Nf6 6. Nge2 O-O 7. O-O c6 8. a3 Bd6 9. Bf4 Bg4 10. Qd2 Bh5 11. Bxd6 Qxd6 12. Nf4 Bg6 13. Nxg6 hxg6 14. f3 Nbd7 15. Rae1 Nh5 16. g3 Rfe8 17. Rxe8+ Rxe8 18. Re1 Rxe1+ 19. Qxe1 Nf8 20. Qe3 Nf6 21. Ne2 Qd8 22. c3 Ne8 23. Nf4 Nd6 24. Kg2 Nc4 25. Bxc4 dxc4 26. d5 g5 27. Nh3 g4 28. Nf4 gxf3+ 29. Qxf3 cxd5 30. Qxd5 Qb6 31. Qd2 Qb5 32. Qe2 Qc6+ 33. Qf3 Qb5 34. Qe2 Nh7 35. Kf1 Nf6 36. Ke1 Qf5 37. Qd2 Qb1+ 38. Ke2 Qh1 39. Ke3 b6 40. Qg2 Ng4+ 41. Ke2 Qb1 42. Kf3 Ne5+ 43. Ke3 g5 44. Ne2 Ng4+ 45. Kf3 f5 0-1

[Event "Kragero Resort A 2020"]
[Site "Kragero"]
[Date "2020.02.21"]
[Round "6.16"]
[White "Vijayalakshmi, Subbaraman"]
[Black "Kizatbay, Abyl"]
[Result "1-0"]
[ECO "D00"]
[WhiteElo "2331"]
[BlackElo "2142"]
[Annotator "ChessBase"]
[PlyCount "61"]
[EventDate "2020.02.19"]
[EventType "swiss"]
[EventCountry "NOR"]
[SourceTitle "playchess.com"]
[Source "ChessBase"]
[SourceQuality "1"]
[TimeControl "5400+30"]

1. d4 Nf6 2. Nf3 g6 3. Nc3 d5 4. Bf4 Bg7 5. e3 O-O 6. Be2 c5 7. dxc5 Qa5 8. Nd2 Qxc5 9. Nb3 Qb6 10. a4 Nc6 11. a5 Qd8 12. a6 b6 13. Bb5 Bd7 14. Nxd5 Rc8 15. Nxf6+ Bxf6 16. c3 e5 17. Bh6 Re8 18. O-O Be6 19. Nd2 Bh8 20. e4 Qh4 21. Be3 Rf8 22. g3 Qe7 23. Qe2 h5 24. Rfd1 Na5 25. b4 Nb3 26. Nxb3 Bxb3 27. Rd7 Qe6 28. Rxa7 Rxc3 29. Rb7 h4 30. a7 Rcc8 31. Bd7 1-0

[Event "Kragero Resort A 2020"]
[Site "Kragero"]
[Date "2020.02.21"]
[Round "6.17"]
[White "Shehzad, Shazil"]
[Black "Doluhanova, Evgeniya"]
[Result "1-0"]
[ECO "B51"]
[WhiteElo "2144"]
[BlackElo "2258"]
[Annotator "ChessBase"]
[PlyCount "103"]
[EventDate "2020.02.19"]
[EventType "swiss"]
[EventCountry "NOR"]
[SourceTitle "playchess.com"]
[Source "ChessBase"]
[SourceQuality "1"]
[TimeControl "5400+30"]

1. e4 c5 2. Nf3 d6 3. Bb5+ Nd7 4. Ba4 Ngf6 5. O-O g6 6. Re1 Bg7 7. c3 O-O 8. d4 Nb6 9. Bb3 Bg4 10. h3 Bxf3 11. Qxf3 cxd4 12. cxd4 Nfd7 13. Be3 e5 14. Rd1 Rc8 15. Qe2 exd4 16. Bxd4 Bxd4 17. Rxd4 Qf6 18. Rd1 Nc5 19. Nc3 Nxb3 20. axb3 a6 21. Qe3 Rc6 22. Rd2 Re8 23. Qd4 Qxd4 24. Rxd4 Nd7 25. Rad1 Nc5 26. b4 Ne6 27. Rxd6 Kf8 28. f3 Rec8 29. Kf2 b5 30. Rxc6 Rxc6 31. Rd2 Rc4 32. Na2 Nd4 33. Ke3 Nc2+ 34. Kf4 Ke7 35. b3 Rc6 36. e5 f6 37. exf6+ Rxf6+ 38. Kg5 Rc6 39. f4 Na1 40. g4 Nxb3 41. Rd3 Rc2 42. Nc3 Nc1 43. Re3+ Kf7 44. Nd5 Rd2 45. Re7+ Kf8 46. Rd7 Nb3 47. f5 gxf5 48. gxf5 a5 49. Kf6 Ke8 50. Rd6 a4 51. Nc7+ Kf8 52. Ra6 1-0

[Event "Kragero Resort A 2020"]
[Site "Kragero"]
[Date "2020.02.21"]
[Round "6.18"]
[White "Van Dael, Siem"]
[Black "Stanford, Sheila Barth"]
[Result "1-0"]
[ECO "B01"]
[WhiteElo "2257"]
[BlackElo "2145"]
[Annotator "ChessBase"]
[PlyCount "67"]
[EventDate "2020.02.19"]
[EventType "swiss"]
[EventCountry "NOR"]
[SourceTitle "playchess.com"]
[Source "ChessBase"]
[SourceQuality "1"]
[TimeControl "5400+30"]

1. e4 d5 2. exd5 Qxd5 3. Nc3 Qd8 4. Bc4 Nf6 5. Nf3 a6 6. O-O e6 7. d4 b5 8. Bd3 Bb7 9. Re1 Be7 10. a4 b4 11. Ne4 Nbd7 12. b3 O-O 13. Bb2 Nxe4 14. Bxe4 Bxe4 15. Rxe4 Nf6 16. Re1 Rc8 17. Qe2 Qd6 18. Ne5 Nd5 19. c4 bxc3 20. Ba3 c5 21. dxc5 Qc7 22. Qxa6 Bf6 23. Nd3 c2 24. Rac1 Rb8 25. Qc4 Qb7 26. c6 Qxb3 27. Qxb3 Rxb3 28. Bxf8 Kxf8 29. Rxc2 Bd8 30. Nc5 Ra3 31. Na6 Ba5 32. Rec1 Nc7 33. Nxc7 Bxc7 34. Rc4 1-0

[Event "Kragero Resort A 2020"]
[Site "Kragero"]
[Date "2020.02.21"]
[Round "6.20"]
[White "Sriram, Jha"]
[Black "Birkisson, Bardur Orn"]
[Result "1/2-1/2"]
[ECO "D37"]
[WhiteElo "2383"]
[BlackElo "2186"]
[Annotator "ChessBase"]
[PlyCount "84"]
[EventDate "2020.02.19"]
[EventType "swiss"]
[EventCountry "NOR"]
[SourceTitle "playchess.com"]
[Source "ChessBase"]
[SourceQuality "1"]
[TimeControl "5400+30"]

1. Nf3 d5 2. e3 Nf6 3. c4 e6 4. b3 Be7 5. Bb2 O-O 6. d4 b6 7. cxd5 Nxd5 8. Bd3 Bb7 9. O-O Nd7 10. Nc3 Nxc3 11. Bxc3 c5 12. Qc2 h6 13. Rfd1 cxd4 14. Bxd4 Rc8 15. Qe2 Bf6 16. Bb5 Bc6 17. Rac1 Bxf3 18. Rxc8 Bxe2 19. Rxd8 Bxb5 20. Rxd7 Bxd7 21. Bxf6 Rc8 22. g4 Bc6 23. Rd8+ Rxd8 24. Bxd8 f5 25. g5 hxg5 26. Bxg5 e5 27. f4 exf4 28. exf4 Be4 29. Kf2 Bb1 30. a3 Bc2 31. b4 a5 32. Ke3 axb4 33. axb4 b5 34. Kd4 Kf7 35. Ke5 g6 36. h4 Bb1 37. Bd8 Bc2 38. Kd6 Bb1 39. Kd5 Be4+ 40. Kc5 Bd3 41. Kd5 Be4+ 42. Kc5 Bd3 1/2-1/2

[Event "Kragero Resort A 2020"]
[Site "Kragero"]
[Date "2020.02.21"]
[Round "6.21"]
[White "Kvaloy, Aksel Bu"]
[Black "Kjartansson, David"]
[Result "1/2-1/2"]
[ECO "B51"]
[WhiteElo "2174"]
[BlackElo "2356"]
[Annotator "ChessBase"]
[PlyCount "87"]
[EventDate "2020.02.19"]
[EventType "swiss"]
[EventCountry "NOR"]
[SourceTitle "playchess.com"]
[Source "ChessBase"]
[SourceQuality "1"]
[TimeControl "5400+30"]

1. e4 c5 2. Nf3 d6 3. Bb5+ Nd7 4. Ba4 g6 5. O-O Bg7 6. c3 Ngf6 7. Qe2 O-O 8. d4 Nb6 9. Bc2 Bg4 10. Nbd2 cxd4 11. cxd4 Rc8 12. Bb3 Nfd7 13. h3 Bxf3 14. Nxf3 d5 15. e5 Nb8 16. a4 Nc6 17. Bd2 Nc4 18. Bc3 Qb6 19. Ba2 Nb4 20. a5 Nxa5 21. Bxb4 Qxb4 22. Bxd5 Rfd8 23. Ba2 e6 24. Rfd1 Nb3 25. Bxb3 Qxb3 26. Rxa7 Rc2 27. Rd2 Rc1+ 28. Kh2 Bh6 29. Rd3 Qd5 30. Rc3 Rb1 31. g3 Bc1 32. Rc5 Qb3 33. Rb5 Rxb2 34. Rxb3 Rxe2 35. Kg1 Rb2 36. Rbxb7 Rxb7 37. Rxb7 Rc8 38. Kf1 Rc3 39. Ng1 Rd3 40. Ne2 Rd1+ 41. Kg2 Bh6 42. Kf3 Rd3+ 43. Kg2 Rd2 44. Kf3 1/2-1/2